 Dungeon Crawl Stone Soup version 0.24-a0-272-g1411513 (webtiles) character file.

Game seed: 9674886107024472909

7 Clinton the Conjurer (level 1, 0/14 HPs)
             Began as a Minotaur Conjurer on Apr 25, 2019.
             Slain by a jackal (1 damage)
             ... on level 2 of the Dungeon.
             The game lasted 00:00:39 (83 turns).

Clinton the Conjurer (Minotaur Conjurer)              Turns: 83, Time: 00:00:39

Health: 0/14       AC:  2    Str: 12    XL:     1   Next: 83%
Magic:  1/1        EV: 12    Int: 12    God:
Gold:   11         SH:  0    Dex: 10    Spells: 1/2 levels left

rFire    . . .     SeeInvis .   (no weapon)
rCold    . . .     Gourm    .   (no shield)
rNeg     . . .     Faith    .   a - +0 robe
rPois    .         Spirit   .   (helmet restricted)
rElec    .         Reflect  .   (no cloak)
rCorr    .         Harm     .   (no gloves)
MR       .....                  (no boots)
Stlth    ++........             (no amulet)
HPRegen  0.04/turn              (no ring)
MPRegen  0.07/turn              (no ring)

@: no status effects
A: retaliatory headbutt, horns 2
a: no special abilities


You were on level 2 of the Dungeon.
You were not hungry.

You visited 1 branch of the dungeon, and saw 2 of its levels.

You collected 11 gold pieces.

Inventory:

Armour
 a - a +0 robe (worn)
Comestibles
 c - a ration


   Skills:
 + Level 2.2 Dodging
 + Level 1.5 Stealth
 + Level 1.4 Spellcasting
 + Level 3.2 Conjurations


You had one spell level left.
You knew the following spells:

 Your Spells              Type           Power        Failure   Level  Hunger
a - Magic Dart            Conj           #...         8%          1    ##.....

Your spell library contained the following spells:

 Spells                   Type           Power        Failure   Level  Hunger
 Searing Ray              Conj           #.....       12%         2    ###....
 Dazzling Spray           Conj/Hex       #.....       41%         3    ####...
 Iskenderun's Mystic Bla  Conj           #.......     58%         4    #####..
 Force Lance              Conj/Tloc      #.......     83%         4    #####..
 Fulminant Prism          Conj/Hex       #.........   83%         4    #####..


Dungeon Overview and Level Annotations

Branches:
Dungeon (2/15)

Altars:


Innate Abilities, Weirdness & Mutations

You reflexively headbutt those who attack you in melee.
You have a pair of horns on your head.


Message History

You headbutt the jackal, but do no damage.
The ooze barely misses you. The jackal barely misses you.
You furiously retaliate!
You headbutt the jackal. The adder bites you.
You barely miss the adder. The jackal bites you. The jackal barely misses you.
The jackal closely misses you. The ooze closely misses you.
The adder bites you. The jackal bites you.
* * * LOW HITPOINT WARNING * * *
The jackal barely misses you. You furiously retaliate!
You headbutt the jackal, but do no damage.
You closely miss the adder. The jackal barely misses you.
The adder barely misses you. The ooze hits you.
* * * LOW HITPOINT WARNING * * *
The jackal closely misses you. You furiously retaliate!
You headbutt the jackal!
You kill the jackal!
The jackal closely misses you. x2; You furiously retaliate!
You headbutt the jackal!
You kill the jackal!
You miss the adder. The adder closely misses you. The jackal bites you.
You die...

#########
#<.......
#...##.##.
#hJ.#..$..
#.@S......
##h†.....#
+.......+
#[......#
#.......#
#.......#
#.......#
#.......#


You could see an ooze, an adder and 2 jackals.

Vanquished Creatures
  A dart slug (D:1)
  A giant cockroach (D:1)
  2 jackals (D:2)
4 creatures vanquished.

Notes
Turn   | Place    | Note
-------+----------+-------------------------------------------
     0 | D:1      | Clinton the Minotaur Conjurer began the quest for the Orb.
     0 | D:1      | Reached XP level 1. HP: 14/14 MP: 1/1
     3 | D:1      | Noticed an electric eel
    11 | D:1      | Noticed an electric eel
    52 | D:1      | Reached skill level 3 in Conjurations
    83 | D:2      | Slain by a jackal

Levels and vault maps discovered:
D:1:      arrival_aquarium_b, layout_basic, corexii_corridor_pit,
          chequers_serial_rivers_small_3
D:2:      layout_basic, minmay_heptomino_l4, uniq_natasha

Skill      XL: |  1 |
---------------+----+-----
Conjurations   | 3 |  3.2
Dodging        | |  2.2
Stealth        | |  1.5
Spellcasting   | |  1.4

Action                   || total
-------------------------++-------
Melee: Unarmed           ||    15
       Headbutt          ||     3
Armor: Robe              ||     7
Dodge: Dodged            ||    24

Table legend:
 A = Non-vault XP
 B = Vault XP
 C = Vault XP percentage of total XP
 D = Non-vault monster count
 E = Vault monster count
 F = Vault count percentage of total count
                 A         B        C        D         E       F
            +---------+---------+-------+---------+---------+-------
      Total |      10 |       0 |   0.0 |       4 |       0 |   0.0
            +---------+---------+-------+---------+---------+-------
        D:1 |       6 |       0 |   0.0 |       2 |       0 |   0.0
        D:2 |       4 |       0 |   0.0 |       2 |       0 |   0.0
            +---------+---------+-------+---------+---------+-------
